 Dungeon Crawl Stone Soup version 0.27-a0-1177-g245c70e1c0 (webtiles) character file.

Game seed: 13727022947485912206

105949 polve the Brawler (level 15, 0/156 HPs)
             Began as a Troll Fighter on May 16, 2021.
             Was the Champion of Qazlal.
             Slain by a ten-headed hydra (2 damage)
             ... on level 15 of the Dungeon.
             The game lasted 00:27:56 (19707 turns).

polve the Brawler (Troll Fighter)                  Turns: 19707, Time: 00:27:56

Health: 0/156      AC: 18    Str: 33      XL:     15   Next: 96%
Magic:  16/20      EV: 10    Int:  0 (2)  God:    Qazlal [******]
Gold:   2962       SH: 25    Dex:  7      Spells: 14/14 levels left

rFire    + . .     SeeInvis .     - Unarmed
rCold    + . .     Faith    .   b - +0 kite shield
rNeg     . . .     Spirit   .   K - +0 acid dragon scales
rPois    +         Reflect  +   I - +1 hat {Will+}
rElec    +         Harm     .   P - scarf {rC+ rF+}
rCorr    +         Rampage  .   (gloves unavailable)
Will     ++...                  (boots unavailable)
Stlth    +.........             r - amulet "Diris" {Reflect rElec rCorr SH+5}
HPRegen  1.36/turn              V - ring of poison resistance
MPRegen  0.17/turn              t - +4 ring of protection

@: protected from physical damage, slowed, lost intelligence, repel missiles,
very slow
A: large, unfitting armour, claws 3, regeneration 1, shaggy fur 1, tough skin 1,
clumsy 1, dopey 1, low mp 1
a: Renounce Religion, Upheaval, Elemental Force, Disaster Area


You were on level 15 of the Dungeon.
You worshipped Qazlal.
Qazlal was exalted by your worship.
You visited 3 branches of the dungeon, and saw 22 of its levels.
You also visited: Gauntlet and Ice Cave.

You collected 2962 gold pieces.

Inventory:

Missiles
 p - 3 throwing nets
 L - 9 large rocks (quivered)
 Y - 3 curare-tipped darts
Armour
 b - a +0 kite shield (worn)
 I - a +1 hat of willpower (worn)
 K - +0 acid dragon scales (worn)
 P - a scarf of resistance (worn)
Jewellery
 q - a ring of flight
 r - the amulet "Diris" (around neck) {Reflect rElec rCorr SH+5}
   (You acquired it on level 5 of the Lair of Beasts)

   [amulet of reflection]

   It reflects blocked missile attacks.
   It insulates you from electricity.
   It protects you from acid and corrosion.
   It affects your SH (+5).
 t - a +4 ring of protection (right claw)
 V - a ring of poison resistance (left claw)
Wands
 f - a wand of flame (42)
 x - a wand of iceblast (59)
 z - a wand of digging (2)
 G - a wand of charming (11)
 J - a wand of paralysis (18)
 S - a wand of polymorph (15)
 T - a wand of acid (25)
 U - a wand of mindburst (25)
Scrolls
 a - 3 scrolls of blinking
 d - 5 scrolls of enchant armour
 h - 6 scrolls of fog
 i - 2 scrolls of identify
 j - 2 scrolls of magic mapping
 m - 6 scrolls of fear
 o - 3 scrolls of amnesia
 u - 5 scrolls of enchant weapon
 v - a scroll of acquirement
 w - 16 scrolls of teleportation
 y - a scroll of immolation
 F - 4 scrolls of vulnerability
 N - a scroll of summoning
 X - a scroll of silence
Potions
 c - 2 potions of might
 e - 2 potions of berserk rage
 g - 3 potions of brilliance
 k - 7 potions of curing
 l - a potion of cancellation
 n - 2 potions of resistance
 s - 6 potions of flight
 B - 3 potions of heal wounds
 C - 11 potions of ambrosia
 D - 2 potions of invisibility
 E - 6 potions of mutation
 H - 2 potions of magic
 M - a potion of haste
 Q - 3 potions of lignification
 R - 2 potions of attraction


   Skills:
 - Level 12.0 Fighting
 + Level 6.9 Throwing
 - Level 8.0 Armour
 - Level 4.0 Dodging
 - Level 9.0 Shields
 - Level 15.0 Unarmed Combat
 - Level 12.0 Invocations


You had 14 spell levels left.
You didn't know any spells.
Your spell library contained the following spells:

 Spells                   Type           Power      Damage    Failure   Level
 Animate Skeleton         Necr           0%         N/A       65%         1
 Foxfire                  Conj/Fire      0%         2x1d4     65%         1
 Freeze                   Ice            0%         1d3       65%         1
 Magic Dart               Conj           0%         1d3       65%         1
 Pain                     Necr           0%         1d4       65%         1
 Summon Small Mammal      Summ           0%         N/A       65%         1
 Blink                    Tloc           N/A        N/A       78%         2
 Call Imp                 Summ           0%         N/A       78%         2
 Slow                     Hex            0%         N/A       78%         2
 Call Canine Familiar     Summ           0%         N/A       95%         3
 Confusing Touch          Hex            0%         N/A       95%         3
 Conjure Flame            Conj/Fire      0%         6-21      95%         3
 Frozen Ramparts          Ice            0%         1d2       95%         3
 Gell's Gravitas          Tloc           0%         N/A       95%         3
 Inner Flame              Hex/Fire       0%         N/A       95%         3
 Mephitic Cloud           Conj/Pois/Air  0%         N/A       95%         3
 Ozocubu's Armour         Ice            0%         N/A       95%         3
 Portal Projectile        Hex/Tloc       0%         N/A       95%         3
 Summon Guardian Golem    Hex/Summ       0%         N/A       95%         3
 Vampiric Draining        Necr           0%         2d6       95%         3
 Animate Dead             Necr           0%         N/A       100%        4
 Cause Fear               Hex            0%         N/A       100%        4
 Hailstorm                Conj/Ice       0%         3d3       100%        4
 Passage of Golubria      Tloc           N/A        N/A       100%        4
 Petrify                  Tmut/Erth      0%         N/A       100%        4
 Sticky Flame             Conj/Fire      0%         2d3       100%        4
 Summon Ice Beast         Ice/Summ       0%         N/A       100%        4
 Summon Lightning Spire   Summ/Air       0%         N/A       100%        4
 Agony                    Necr           0%         N/A       100%        5
 Borgnjor's Vile Clutch   Necr/Erth      0%         N/A       100%        5
 Fireball                 Conj/Fire      0%         3d3       100%        5
 Manifold Assault         Tloc           0%         N/A       100%        5
 Metabolic Englaciation   Hex/Ice        0%         N/A       100%        5
 Silence                  Hex/Air        0%         N/A       100%        5
 Yara's Violent Unravell  Hex/Tmut       0%         3d3       100%        5
 Death Channel            Necr           0%         N/A       100%        6
 Dispersal                Tloc           0%         N/A       100%        6
 Simulacrum               Ice/Necr       0%         N/A       100%        6
 Haunt                    Necr/Summ      0%         N/A       100%        7
 Malign Gateway           Summ/Tloc      0%         N/A       100%        7
 Monstrous Menagerie      Summ           0%         N/A       100%        7
 Discord                  Hex            0%         N/A       100%        8
 Disjunction              Tloc           0%         N/A       100%        8
 Summon Horrible Things   Summ           0%         N/A       100%        8


Dungeon Overview and Level Annotations

Branches:
Dungeon (15/15)            Temple (1/1) D:4            Lair (6/6) D:10
 Shoals (0/4) Lair:4        Snake (0/4) Lair:4        Slime (0/5) Lair:5
    Orc (0/2) D:10         Vaults (0/5) D:13         Depths (0/5) D:15
  IceCv (visited)         Gauntlet (visited)

Altars:
Ashenzari
Cheibriados
Dithmenos
Elyvilon
Fedhas
Gozag
Hepliaklqana
Kikubaaqudgha
Makhleb
Nemelex Xobeh
Okawaru
Qazlal
Ru
Sif Muna
Trog
Uskayaw
Vehumet
Wu Jian
Xom
Yredelemnul
Zin
The Shining One

Shops:
D:5 (   D:8 *   D:9 *   D:13 :((=

Annotations:
D:8 exclusions: ice statue and orange crystal statue
Lair:1 exclusion: oklob plant


Innate Abilities, Weirdness & Mutations

You are too large for most types of armour.
You have claws for hands.
Your natural rate of healing is unusually fast.
You are covered in fur. (AC +1)
You have tough skin. (AC +1)
You are clumsy. (Dex -2)
You are dopey. (Int -2)
Your magical capacity is low. (-10% MP)


Message History

You destroy Okhlofrez's ghost!
Qazlal accepts your kill.
The soul eater disappears in a puff of smoke!
The lindwurm disappears in a puff of smoke! x2
The manticore disappears in a puff of smoke!
The ice devil disappears in a puff of smoke!
The ten-headed hydra is struck by lightning.
The ten-headed hydra bites you but does no damage. x3
The ten-headed hydra bites you. x2
The ten-headed hydra bites you but does no damage. x2
The ten-headed hydra completely misses you.
The ten-headed hydra bites you.
You feel more protected from physical attacks.
The ten-headed hydra bites you but does no damage.
You can move again.
Okay, then.
Okay, then.
Aiming: Upheaval
Press: ? - help, Dir - move target, f - ten-headed hydra
Aim: a ten-headed hydra (thunder, lightly wounded) That beam is likely to hit you.
Continue anyway?
The ground shakes violently, spewing rubble!
The blast of rubble hits the ten-headed hydra!
The ten-headed hydra is heavily wounded.
The blast of rubble hits you!!
You feel more protected from physical attacks.
* * * LOW HITPOINT WARNING * * *
The ten-headed hydra is struck by lightning.
The ten-headed hydra bites you!
* * * LOW HITPOINT WARNING * * *
You feel more protected from physical attacks.
You block the ten-headed hydra's attack. x3
The ten-headed hydra bites you but does no damage. x2
The ten-headed hydra bites you!
* * * LOW HITPOINT WARNING * * *
You block the ten-headed hydra's attack.
The ten-headed hydra bites you.
* * * LOW HITPOINT WARNING * * *
The ten-headed hydra bites you.
You die...

.#...........#.....#.........#...
.+.........<.#.....#.........#...
##........#####...########..##...
#....#'####.####.## ########
#....#...#...###..###
#....#..##....###...#
#....#..#>......##..#
#....#..##....#.##§##
#....#...#...##§@D..#
#....######.###..#.## ######
#.........###.###### #....#
#................# #....#
#................# #....#
#...............)# #....#
#................#########....#
#.................^.....)...###
#....##+##'######...........#


You could see a ten-headed hydra.

Vanquished Creatures
  Kirke (Lair:5)
  A frost giant (IceCv)
  The ghost of Okhlofrez the Convoker, an adept DESu of Sif Muna (D:15)
  A minotaur (Gauntlet)
  The ghost of sastreii the Fighter, a journeyman PaFi of Qazlal (D:11)
  9 hydras
  A great orb of eyes (D:15)
  2 boulder beetles
  4 vault guards (D:13)
  A rakshasa (D:15)
  A catoblepas (Lair:6)
  An ogre mage (D:15)
  A ghost crab (Gauntlet)
  6 centaur warriors
  13 death yaks
  A deep troll shaman (Lair:6)
  6 two-headed ogres
  Urug (Lair:6)
  Pikel (D:6)
  An orc knight (D:13)
  2 lindwurms
  3 deep elf pyromancers
  An oklob plant (Gauntlet)
  4 manticores
  4 cyclopes
  19 ugly things
  2 merfolk sirens (Lair:4)
  4 elephants (Lair:6)
  An ice statue (IceCv)
  4 black mambas
  8 cane toads
  A minotaur zombie (Gauntlet)
  A torpor snail (Gauntlet)
  A kobold demonologist (D:10)
  2 gargoyles (D:13)
  2 unseen horrors
  2 rime drakes (IceCv)
  2 yaktaurs
  11 komodo dragons
  7 tengu conjurers
  6 meliai (D:12)
  A meliai (shapeshifter) (D:15)
  19 polar bears
  2 merfolk (Lair:4)
  2 queen bees
  4 trolls
  A hornet (D:11)
  8 slime creatures
  A hornet (shapeshifter) (D:10)
  18 blink frogs
  2 shadows
  3 wraiths
  6 wyverns
  79 yaks
  5 basilisks
  3 steam dragons
  14 vampire mosquitoes
  A hog (Lair:6)
  2 nagas (Lair:4)
  Menkaure (D:6)
  4 acid dragons
  15 water moccasins
  7 orc warriors
  2 ice beasts
  5 black bears
  4 necrophages
  7 ogres
  58 wolves
  4 centaurs
  A phantom (D:4)
  2 kobold brigands (D:9)
  6 bullfrogs
  2 gnoll sergeants
  7 scorpions
  27 killer bees
  A wight (D:4)
  3 howler monkeys
  5 centaur zombies
  2 bullfrog zombies
  5 hounds
  12 jellies
  6 orc priests
  A centaur skeleton (D:4)
  A bullfrog skeleton (D:6)
  Jessica (D:3)
  9 orc wizards
  Robin (D:3)
  A howler monkey zombie (D:10)
  15 gnolls
  16 adders
  An adder skeleton (D:4)
  3 dart slugs
  31 orcs
  3 ball pythons
  4 bats
  11 endoplasms
  3 giant cockroaches
  12 hobgoblins
  14 jackals
  4 quokkas
  4 frilled lizards
  19 goblins
  15 kobolds
  7 rats
674 creatures vanquished.

Vanquished Creatures (others)
  An eldritch tentacle (D:15)
  4 humans (Lair:6)
  2 demonic plants (D:1)
  13 fungi
  70 plants
  13 toadstools (Lair:1)
  13 withered plants
116 creatures vanquished.

Grand Total: 790 creatures vanquished

Notes
Turn   | Place    | Note
-------+----------+-------------------------------------------
     0 | D:1      | polve the Troll Fighter began the quest for the Orb.
     0 | D:1      | Reached XP level 1. HP: 22/22 MP: 0/0
    89 | D:1      | Reached XP level 2. HP: 29/29 MP: 1/1
   186 | D:1      | Found a faded altar of an unknown god.
   339 | D:1      | Reached XP level 3. HP: 37/37 MP: 2/2
  1090 | D:2      | Reached XP level 4. HP: 46/46 MP: 3/3
  1220 | D:2      | Reached skill level 3 in Unarmed Combat
  1872 | D:3      | Noticed Robin
  1896 | D:3      | Killed Robin
  1897 | D:3      | Reached XP level 5. HP: 30/54 MP: 4/4
  2228 | D:3      | Noticed Jessica
  2231 | D:3      | Killed Jessica
  2311 | D:4      | Noticed an ogre
  2317 | D:4      | Reached XP level 6. HP: 65/65 MP: 5/5
  2323 | D:4      | Reached skill level 5 in Fighting
  2323 | D:4      | Reached skill level 4 in Unarmed Combat
  2514 | D:4      | Reached XP level 7. HP: 74/74 MP: 6/6
  2756 | D:4      | Reached skill level 5 in Unarmed Combat
  2881 | D:4      | Found a staircase to the Ecumenical Temple.
  3068 | Temple   | Entered the Ecumenical Temple
  3102 | Temple   | Became a worshipper of Qazlal Stormbringer
  3831 | D:5      | Entered Level 5 of the Dungeon
  3970 | D:5      | Found Analina's Weapon Shoppe.
  4028 | D:5      | Reached XP level 8. HP: 74/84 MP: 7/7
  4418 | D:6      | Noticed Menkaure
  4424 | D:6      | Killed Menkaure
  4425 | D:6      | Reached skill level 6 in Unarmed Combat
  4604 | D:6      | Noticed Pikel
  4610 | D:6      | Killed Pikel
  4615 | D:6      | Reached * piety under Qazlal
  4616 | D:6      | Reached skill level 7 in Unarmed Combat
  4707 | D:6      | Reached XP level 9. HP: 97/97 MP: 8/8
  5435 | D:8      | Reached skill level 8 in Unarmed Combat
  5519 | D:8      | Noticed a two-headed ogre
  5525 | D:8      | Killed a two-headed ogre
  5526 | D:8      | Reached skill level 10 in Fighting
  5558 | D:8      | Noticed an ice statue
  5586 | D:8      | Reached XP level 10. HP: 101/110 MP: 9/9
  5603 | D:8      | Found Afiorr's General Store.
  5747 | D:8      | Reached skill level 5 in Shields
  5869 | D:8      | Reached ** piety under Qazlal
  6078 | D:8      | Noticed an orange crystal statue
  6194 | D:9      | Found Fathabus's Assorted Antiques.
  6440 | D:9      | Noticed a two-headed ogre
  6451 | D:9      | Killed a two-headed ogre
  6617 | D:9      | Noticed a two-headed ogre
  6626 | D:9      | Killed a two-headed ogre
  6634 | D:9      | Found a shimmering blue altar of Sif Muna.
  6705 | D:9      | Reached skill level 1 in Armour
  6721 | D:9      | Noticed a two-headed ogre
  6727 | D:9      | Killed a two-headed ogre
  6830 | D:9      | Reached XP level 11. HP: 117/117 MP: 10/10
  7201 | D:10     | Entered Level 10 of the Dungeon
  7232 | D:10     | Found a staircase to the Orcish Mines.
  7430 | D:10     | Noticed a white ugly thing
  7440 | D:10     | Killed a white ugly thing
  7476 | D:10     | Noticed an eight-headed hydra
  7800 | D:11     | Reached skill level 9 in Unarmed Combat
  7804 | D:11     | Reached *** piety under Qazlal
  8113 | D:11     | Reached skill level 10 in Unarmed Combat
  8155 | D:11     | Found a transporter.
  8155 | D:11     | Found a transporter.
  8155 | D:11     | Noticed sastreii's ghost (journeyman PaFi)
  8398 | D:11     | Identified the +2 robe of Disaster {rPois}
  8516 | D:12     | Reached skill level 11 in Unarmed Combat
  8563 | D:12     | Reached **** piety under Qazlal
  8625 | D:12     | Noticed a boulder beetle
  8645 | D:12     | Killed a boulder beetle
  8646 | D:12     | Reached XP level 12. HP: 89/126 MP: 11/11
  8695 | D:12     | Noticed a two-headed ogre
  8701 | D:12     | Killed a two-headed ogre
  8704 | D:12     | Reached skill level 12 in Unarmed Combat
  8794 | D:11     | Killed sastreii's ghost
  9274 | D:12     | Reached skill level 5 in Armour
  9513 | D:13     | Found Hanoips's Antique Weapon Shoppe.
  9552 | D:13     | Found Ludeav's Weapon Shoppe.
  9569 | D:13     | Noticed a centaur warrior
  9579 | D:13     | Killed a centaur warrior
  9606 | D:13     | Noticed a vault guard
  9949 | D:13     | Found Bogg's Jewellery Shoppe.
 10000 | D:13     | Noticed a centaur warrior
 10007 | D:13     | Killed a centaur warrior
 10101 | D:13     | Found Icinurar's Book Boutique.
 10174 | D:13     | Noticed a vault guard
 10203 | D:13     | Killed a vault guard
 10204 | D:13     | Reached skill level 1 in Invocations
 10276 | D:13     | Reached ***** piety under Qazlal
 10283 | D:13     | Found a gate to the Vaults.
 10283 | D:13     | Noticed a vault guard
 10284 | D:13     | Noticed a vault guard
 10331 | D:13     | Killed a vault guard
 10335 | D:13     | Killed a vault guard
 10336 | D:13     | Reached XP level 13. HP: 126/133 MP: 12/14
 10576 | D:10     | Reached skill level 5 in Invocations
 10653 | D:10     | Found a staircase to the Lair.
 10672 | Lair:1   | Entered Level 1 of the Lair of Beasts
 10846 | Lair:1   | Found a frozen archway.
 10946 | IceCv    | Entered an ice cave
 11461 | IceCv    | Reached skill level 10 in Invocations
 11491 | IceCv    | Noticed a frost giant
 11496 | IceCv    | HP: 6/133 [frost giant/+0 battleaxe of freezing (18)]
 11499 | IceCv    | Killed a frost giant
 12219 | Lair:1   | Found a blossoming altar of Fedhas.
 13215 | Lair:2   | Reached XP level 14. HP: 144/144 MP: 20/20
 13519 | Lair:2   | Reached ****** piety under Qazlal
 14322 | Lair:3   | Reached skill level 13 in Unarmed Combat
 14743 | Lair:3   | You fall into a shaft and drop 1 floor!
 14899 | Lair:4   | Found a staircase to the Shoals.
 15108 | Lair:4   | Found a staircase to the Snake Pit.
 15580 | Lair:5   | Found a staircase to the Slime Pits.
 15782 | Lair:5   | Found a gate leading to a gauntlet.
 15802 | Gauntlet | Entered a Gauntlet
 15802 | Gauntlet | Found a transporter.
 15802 | Gauntlet | Found a transporter.
 15806 | Gauntlet | Found a transporter.
 15817 | Gauntlet | Found a transporter.
 15830 | Gauntlet | Found a transporter.
 15833 | Gauntlet | Found a transporter.
 15835 | Gauntlet | Found a transporter.
 15835 | Gauntlet | Found a transporter.
 15839 | Gauntlet | Found a transporter.
 15873 | Gauntlet | Found a transporter.
 15882 | Gauntlet | Found a transporter.
 15891 | Gauntlet | Found a transporter.
 15936 | Gauntlet | Found a transporter.
 15954 | Gauntlet | Found a transporter.
 16053 | Gauntlet | Found a transporter.
 16067 | Gauntlet | Found a transporter.
 16327 | Gauntlet | Reached skill level 14 in Unarmed Combat
 16400 | Gauntlet | Identified the +7 great sword of Boacied {speed, *Corrode
                  | +Blink rF- Int+6}
 16453 | Gauntlet | Identified the +4 short sword of Tuoloar {speed, rElec rN+
                  | Str-4 Dex+4}
 16508 | Lair:5   | Identified 2 scrolls of acquirement
 16529 | Lair:5   | Acquired the amulet "Diris" {Reflect rElec rCorr SH+5}
 16541 | Lair:5   | Acquired 1045 gold pieces
 16967 | Lair:6   | Entered Level 6 of the Lair of Beasts
 16967 | Lair:6   | Noticed Kirke
 16982 | Lair:5   | Killed Kirke
 16996 | Lair:6   | Reached XP level 15. HP: 134/156 MP: 21/21
 17009 | Lair:6   | Noticed Urug
 17023 | Lair:6   | Killed Urug
 17213 | Lair:6   | Reached skill level 15 in Unarmed Combat
 18491 | D:14     | Reached skill level 1 in Throwing
 18592 | D:14     | Found a glowing golden altar of the Shining One.
 18862 | D:15     | Entered Level 15 of the Dungeon
 18950 | D:15     | Reached skill level 5 in Throwing
 19053 | D:15     | Found a staircase to the Depths.
 19211 | D:15     | Found a runed translucent gate.
 19211 | D:15     | Found a runed translucent gate.
 19211 | D:15     | Found a runed translucent gate.
 19248 | D:15     | Noticed Okhlofrez's ghost (adept DESu)
 19346 | D:15     | Found a sparkling altar of Nemelex Xobeh.
 19695 | D:15     | Gained mutation: You are dopey. (Int -2) [a neqoxec]
 19702 | D:15     | Gained mutation: You are clumsy. (Dex -2) [a neqoxec]
 19703 | D:15     | Lost intelligence.
 19704 | D:15     | Gained mutation: Your magical capacity is low. (-10% MP) [a
                  | neqoxec]
 19705 | D:15     | Killed Okhlofrez's ghost
 19707 | D:15     | HP: 4/156 [ten-headed hydra (9)]
 19707 | D:15     | Slain by a ten-headed hydra

Illustrated notes

Levels and vault maps discovered:
D:1:      psy_arrival_radial02, layout_rooms, shapermc_ecumenical_altar_gd,
          fountainhead, corner_web_ring, grunt_decor_resistance
D:2:      layout_basic, guppyfry_early_lair_pool
D:3:      layout_rooms, minmay_crystal_room, minmay_randomly_rotated_circles,
          uniq_jessica, uniq_robin
D:4:      minmay_diamond_boxcup, layout_cave_pools,
          minmay_temple_entry_nine_rooms, mrwooster_statue_mirror
D:5:      layout_cave_pools, serial_shops, shop
D:6:      layout_basic, uniq_menkaure, uniq_pikel
D:7:      layout_basic, hangedman_decor_growths
D:8:      minmay_separated_statues, layout_basic, serial_shops, shop,
          hangedman_abyss_or_decor_stagger, minmay_checkerbox
D:9:      minmay_chambers_of_sixes, layout_basic, overflow_temple_1_default,
          serial_shops, nicolae_shop_overgrown_old_shop
D:10:     minmay_opposing_rooms, layout_loops_ring, minmay_lair_entry_grove,
          david_orc_3
D:11:     layout_roguey, gammafunk_ghost_hive
D:12:     layout_loops_ring, special_room [special_room_bee]
D:13:     layout_small_grid, grunt_vaults_entry_fortified, serial_shops, shop,
          shop, shop, nicolae_shop_crystal
D:14:     layout_gridville, lemuel_crystal_altar, amcnicky_mini_pool_small,
          abandoned_shop, small_statue_alley_a
D:15:     gammafunk_enter_depths_forms, layout_gridville,
          gammafunk_ghost_hydra_chop, nemelex_spade_bored_becter
Temple:   nicolae_temple_the_god_donut
Lair:1:   layout_concentric_octagons, portal_ice_cave_entry_pillars_1,
          minmay_stone_trees_small, tgw_fedhas
Lair:2:   layout_cave_pods, chequers_serial_rivers_micro_c, pond,
          grunt_megastairs_3
Lair:3:   layout_hall_layers, minivault_24, grunt_forest_large_clearings,
          lemuel_fruit_fields, grunt_megastairs_5, lemuel_fruit_tree
Lair:4:   layout_loops_ring, elwin_shoals_entry_stream,
          guppyfry_snake_entry_garden, minivault_27
Lair:5:   layout_regular_city, minmay_slime_entry_jelly_boxes,
          gauntlet_entry_generic, cheibrodos_lair_lostbears, grunt_megastairs_2
Lair:6:   grunt_lair_end_beastmaster, layout_hall_layers, serial_bayou_lagoon_a,
          uniq_kirke, uniq_urug

Skill      XL: |  1  2  3  4  5  6  7  8  9 10 11 12 13 14 15 |
---------------+----------------------------------------------+-----
Fighting       | 3 4 5 6 8 10 12 | 12.0
Unarmed Combat | 3 4 5 7 8 11 12 14 15 | 15.0
Shields        | 4 8 9 |  9.0
Armour         | 2 4 8 |  8.0
Dodging        | 4 |  4.0
Invocations    | 3 10 12 | 12.0
Throwing       | 6 |  6.9

Action                   |  1- 3 |  4- 6 |  7- 9 | 10-12 | 13-15 || total
-------------------------+-------+-------+-------+-------+-------++-------
Melee: Unarmed           |   119 |   199 |   243 |   545 |  1232 ||  2338
Throw: Large rock        |       |       |       |       |     1 ||     1
Invok: Upheaval          |       |       |       |       |     1 ||     1
  Use: Potion            |       |       |       |     1 |     2 ||     3
       Scroll            |       |       |       |       |    29 ||    29
 Stab: Sleeping          |     1 |       |       |       |       ||     1
Armor: Robe              |    34 |   101 |    91 |    23 |       ||   249
       Steam dragon scal |       |       |       |    28 |       ||    28
       Acid dragon scale |       |       |       |   112 |   376 ||   488
Dodge: Dodged            |    28 |    89 |    71 |   157 |   267 ||   612
       Repelled          |       |       |       |     2 |       ||     2
Block: Kite shield       |    50 |   116 |   135 |   440 |  1076 ||  1817
       Reflection        |       |       |       |       |    11 ||    11

Table legend: (Time is in decaauts)
 A = Elapsed time spent in this place.
 B = Non-inter-level travel time spent in this place.
 C = Inter-level travel time spent in this place.
 D = Time resting spent in this place.
 E = Time spent auto-exploring this place.
 F = Levels seen in this place.
 G = Mean time per level.
                   A        B        C        D        E       F      G
               +--------+--------+--------+--------+--------+-----+--------+
         Total |  19382 |  18454 |    928 |      0 |  14228 |  24 |  807.6 |
       Dungeon |  11959 |  11342 |    617 |      0 |   8635 |  15 |  797.3 |
        Temple |    631 |    605 |     26 |      0 |    600 |   1 |  631.0 |
          Lair |   5267 |   4983 |    284 |      0 |   3980 |   6 |  877.8 |
      Ice Cave |    823 |    823 |      0 |      0 |    603 |   1 |  823.0 |
      Gauntlet |    699 |    699 |      0 |      0 |    410 |   1 |  699.0 |
               +--------+--------+--------+--------+--------+-----+--------+

Top non-repeatable levels by time:
  Lair:1: 1122 daAuts
     D:9: 1076 daAuts
    D:13: 1045 daAuts
    D:10: 1044 daAuts
  Lair:2: 949 daAuts
  Lair:6: 944 daAuts
     D:1: 935 daAuts
     D:2: 873 daAuts
    D:11: 855 daAuts
    D:12: 846 daAuts
  Lair:5: 833 daAuts
     D:4: 833 daAuts
   IceCv: 823 daAuts
    D:15: 813 daAuts
  Lair:3: 730 daAuts
